[ AOE2 MATCH · #506250510 ]
UnrankedSpanish vs Huns
Player's team · LOSS
Rival team · WIN
[ REPLAY ANALYSIS · EXTRACTED FROM THE RECORDED GAME ]
Feudal
10:31
Castle
15:50
Imperial
—
| APM avg | 50.1 |
| APM peak | 91 |
| eAPM avg | 24.4 |
| Villagers / military | 39 / 13 |
Focus
⚔️ 28.3% · 🌾 71.7%
Conquistador ×10 · Mangonel ×3
Feudal
12:47
Castle
16:18
Imperial
—
| APM avg | 60.6 |
| APM peak | 94 |
| eAPM avg | 18.2 |
| Villagers / military | 46 / 28 |
Focus
⚔️ 36.9% · 🌾 63.1%
Archer ×22 · Militia ×5 · Mangonel ×1
Match map
Initial resources + every placement click. Lines = walls · curves = elevation contours. ◆ gold · ⬟ stone · ● berries · ✦ relic · ◌ wall gap
Your base· Open — unwalled flank
Sir Poopsalot's base· Open — unwalled flank
Smoothed initial terrain · ◌ = detected wall gap · hover for details
Inputs per minute
— Young Carter - - Sir Poopsalot
Build order — Young Carter
116 actions detected in the replay
| 0:00 | Create | Villager (Male) |
| 0:01 | Create | Villager (Male) |
| 0:01 | Create | Villager (Male) |
| 0:02 | Build | House |
| 0:03 | Build | House |
| 0:07 | Create | Villager (Male) |
| 0:08 | Create | Villager (Male) |
| 1:24 | Create | Villager (Male) |
| 1:25 | Create | Villager (Male) |
| 1:59 | Create | Villager (Male) |
| 2:20 | Create | Villager (Male) |
| 2:20 | Create | Villager (Male) |
| 2:43 | Build | Lumber Camp |
| 2:52 | Create | Villager (Male) |
| 3:04 | Create | Villager (Male) |
| 3:17 | Create | Villager (Male) |
| 3:19 | Create | Villager (Male) |
| 3:31 | Build | House |
| 3:35 | Build | House |
| 3:42 | Create | Villager (Male) |
| 3:58 | Build | House |
| 4:26 | Create | Villager (Male) |
| 5:10 | Build | Mill |
| 5:20 | Create | Villager (Male) |
| 5:38 | Create | Villager (Male) |
| 5:40 | Create | Villager (Male) |
| 5:48 | Create | Villager (Male) |
| 6:19 | Build | Mill |
| 6:58 | Create | Villager (Male) |
| 7:30 | Create | Villager (Male) |
| 7:31 | Research | Loom |
| 8:07 | Research | Feudal Age |
| 8:09 | Build | Palisade Wall |
| 8:10 | Build | Palisade Wall |
| 8:12 | Build | Palisade Wall |
| 8:51 | Build | House |
| 10:31 | Age | Feudal Age |
| 10:44 | Build | Mining Camp |
| 10:48 | Create | Villager (Male) |
| 10:57 | Build | House |
| 11:02 | Build | Stone Wall |
| 11:03 | Build | Stone Wall |
| 11:05 | Build | Stone Wall |
| 11:06 | Build | Stone Wall |
| 11:12 | Create | Villager (Male) |
| 11:15 | Build | Stone Wall |
| 11:16 | Build | Stone Wall |
| 11:16 | Build | Stone Wall |
| 11:17 | Build | Stone Wall |
| 11:18 | Build | Stone Wall |
| 11:18 | Build | Stone Wall |
| 11:29 | Build | Stone Wall |
| 11:30 | Build | Stone Wall |
| 11:48 | Build | Market |
| 12:01 | Create | Villager (Male) |
| 12:08 | Build | Palisade Wall |
| 12:10 | Build | Palisade Wall |
| 12:13 | Build | Palisade Wall |
| 12:42 | Create | Villager (Male) |
| 12:46 | Build | Blacksmith |
| 12:56 | Create | Villager (Male) |
| 13:10 | Research | Castle Age |
| 13:21 | Build | Stone Wall |
| 13:22 | Build | Stone Wall |
| 13:23 | Build | Stone Wall |
| 14:45 | Build | Palisade Wall |
| 14:57 | Build | Farm |
| 14:58 | Build | Farm |
| 15:02 | Build | Farm |
| 15:05 | Build | Farm |
| 15:07 | Build | Farm |
| 15:33 | Build | Farm |
| 15:33 | Create | Villager (Male) |
| 15:50 | Age | Castle Age |
| 16:03 | Research | Double-Bit Axe |
| 16:06 | Create | Villager (Male) |
| 16:19 | Build | House |
| 16:35 | Build | Castle |
| 16:39 | Build | Castle |
| 16:41 | Build | House |
| 16:45 | Build | Palisade Wall |
| 16:46 | Build | Palisade Wall |
| 16:47 | Build | Palisade Wall |
| 16:48 | Build | Palisade Wall |
| 16:56 | Build | Palisade Wall |
| 17:10 | Create | Villager (Male) |
| 17:41 | Create | Villager (Male) |
| 18:11 | Build | Mining Camp |
| 18:29 | Create | Conquistador |
| 18:30 | Create | Villager (Male) |
| 18:50 | Create | Conquistador |
| 18:50 | Create | Conquistador |
| 19:00 | Create | Villager (Male) |
| 19:03 | Build | Farm |
| 19:18 | Create | Villager (Male) |
| 19:24 | Create | Conquistador |
| 19:25 | Create | Villager (Male) |
| 19:30 | Build | Farm |
| 19:51 | Build | Siege Workshop |
| 19:55 | Build | Siege Workshop |
| 19:57 | Create | Villager (Male) |
| 19:59 | Build | Farm |
| 20:10 | Create | Villager (Male) |
| 20:33 | Create | Conquistador |
| 20:35 | Build | House |
| 20:48 | Create | Mangonel |
| 21:02 | Create | Conquistador |
| 21:02 | Create | Conquistador |
| 21:16 | Create | Villager (Male) |
| 21:32 | Create | Mangonel |
| 21:40 | Create | Villager (Male) |
| 22:14 | Create | Mangonel |
| 22:25 | Build | House |
| 22:29 | Create | Conquistador |
| 22:30 | Create | Conquistador |
| 22:30 | Create | Conquistador |
Build order — Sir Poopsalot
112 actions detected in the replay
| 0:00 | Create | Villager (Male) ×4 |
| 1:15 | Create | Villager (Male) |
| 1:56 | Create | Villager (Male) |
| 2:05 | Build | Lumber Camp |
| 2:16 | Create | Villager (Male) |
| 2:34 | Create | Villager (Male) |
| 3:04 | Create | Villager (Male) |
| 3:36 | Create | Villager (Male) |
| 3:39 | Create | Villager (Male) |
| 4:03 | Create | Villager (Male) |
| 4:33 | Create | Villager (Male) |
| 4:39 | Build | Barracks |
| 5:01 | Create | Villager (Male) |
| 5:31 | Create | Militia |
| 5:32 | Create | Villager (Male) |
| 5:44 | Build | Mining Camp |
| 5:50 | Create | Militia |
| 5:56 | Create | Villager (Male) |
| 6:13 | Create | Militia |
| 6:25 | Create | Militia |
| 6:26 | Create | Villager (Male) |
| 6:41 | Build | Mill |
| 6:56 | Create | Villager (Male) |
| 6:57 | Create | Militia |
| 7:26 | Create | Villager (Male) |
| 7:34 | Build | Mill |
| 7:47 | Research | Loom |
| 7:49 | Create | Villager (Male) |
| 7:56 | Create | Villager (Male) |
| 8:12 | Build | Farm |
| 8:46 | Build | Farm |
| 9:04 | Create | Villager (Male) |
| 9:28 | Create | Villager (Male) |
| 9:38 | Build | Farm |
| 9:40 | Build | Farm |
| 10:00 | Create | Villager (Male) |
| 10:03 | Build | Farm |
| 10:09 | Build | Farm |
| 10:27 | Create | Villager (Male) |
| 10:37 | Research | Feudal Age |
| 11:06 | Build | Farm |
| 11:08 | Build | Farm |
| 11:57 | Create | Villager (Male) |
| 12:23 | Create | Villager (Male) |
| 12:47 | Age | Feudal Age |
| 12:48 | Build | Market |
| 12:50 | Build | Blacksmith |
| 13:38 | Research | Castle Age |
| 13:41 | Build | Archery Range |
| 14:04 | Research | Double-Bit Axe |
| 14:27 | Create | Archer |
| 14:39 | Build | Archery Range |
| 14:42 | Research | Fletching |
| 14:58 | Create | Archer |
| 15:08 | Research | Horse Collar |
| 15:21 | Create | Villager (Male) |
| 15:45 | Create | Villager (Male) |
| 15:51 | Create | Villager (Male) |
| 15:53 | Create | Archer |
| 16:06 | Research | Gold Mining |
| 16:18 | Create | Villager (Male) |
| 16:18 | Age | Castle Age |
| 16:21 | Research | Crossbowman (upgrade) |
| 16:53 | Create | Villager (Male) |
| 16:57 | Research | Bodkin Arrow |
| 16:58 | Build | University |
| 17:01 | Create | Villager (Male) |
| 17:20 | Create | Villager (Male) |
| 17:26 | Create | Archer |
| 17:52 | Create | Archer |
| 17:55 | Create | Archer |
| 18:06 | Research | Ballistics |
| 18:08 | Create | Villager (Male) |
| 18:16 | Create | Villager (Male) |
| 18:26 | Create | Archer |
| 18:26 | Create | Archer |
| 18:33 | Create | Archer |
| 18:43 | Create | Villager (Male) |
| 18:46 | Create | Archer |
| 18:51 | Build | Lumber Camp |
| 18:57 | Research | Town Watch |
| 19:03 | Create | Archer |
| 19:13 | Create | Archer |
| 19:22 | Create | Villager (Male) |
| 19:24 | Build | Farm |
| 19:29 | Create | Archer |
| 19:36 | Create | Villager (Male) |
| 19:44 | Create | Villager (Male) |
| 19:48 | Build | Outpost |
| 19:52 | Build | Outpost |
| 19:58 | Create | Archer |
| 20:03 | Build | Outpost |
| 20:04 | Create | Villager (Male) |
| 20:22 | Create | Archer |
| 20:23 | Create | Archer |
| 20:32 | Create | Archer |
| 20:40 | Create | Villager (Male) |
| 20:45 | Create | Archer |
| 20:57 | Create | Villager (Male) |
| 20:58 | Build | Siege Workshop |
| 21:05 | Create | Archer |
| 21:12 | Build | Farm |
| 21:13 | Build | Farm |
| 21:14 | Build | Farm |
| 21:23 | Build | Farm |
| 21:33 | Create | Villager (Male) |
| 21:36 | Create | Archer |
| 21:44 | Create | Mangonel |
| 22:07 | Create | Villager (Male) |
| 22:17 | Create | Villager (Male) |
| 22:24 | Create | Archer |
| 22:25 | Create | Archer |
Match timeline
| 4:39 | Sir Poopsalot · first_building Barracks |
| 8:09 | Young Carter · wall_segment Palisade Wall x1 |
| 8:10 | Young Carter · wall_segment Palisade Wall x1 |
| 8:12 | Young Carter · wall_segment Palisade Wall x1 |
| 10:31 | Young Carter · age_up feudal |
| 11:02 | Young Carter · wall_segment Stone Wall x1 |
| 11:03 | Young Carter · wall_segment Stone Wall x1 |
| 11:05 | Young Carter · wall_segment Stone Wall x1 |
| 11:06 | Young Carter · wall_segment Stone Wall x1 |
| 11:15 | Young Carter · wall_segment Stone Wall x1 |
| 11:16 | Young Carter · wall_segment Stone Wall x1 |
| 11:16 | Young Carter · wall_segment Stone Wall x1 |
| 11:17 | Young Carter · wall_segment Stone Wall x1 |
| 11:18 | Young Carter · wall_segment Stone Wall x1 |
| 11:18 | Young Carter · wall_segment Stone Wall x1 |
| 11:29 | Young Carter · wall_segment Stone Wall x1 |
| 11:30 | Young Carter · wall_segment Stone Wall x1 |
| 12:08 | Young Carter · wall_segment Palisade Wall x1 |
| 12:10 | Young Carter · wall_segment Palisade Wall x1 |
| 12:13 | Young Carter · wall_segment Palisade Wall x1 |
| 12:27 | Young Carter · first_market_sell 100 stone |
| 12:29 | Young Carter · first_market_buy 100 wood |
| 12:47 | Sir Poopsalot · age_up feudal |
| 13:21 | Young Carter · wall_segment Stone Wall x1 |
| 13:22 | Young Carter · wall_segment Stone Wall x1 |
| 13:23 | Young Carter · wall_segment Stone Wall x1 |
| 13:36 | Sir Poopsalot · first_market_sell 100 stone |
| 13:37 | Sir Poopsalot · first_market_buy 100 food |
| 13:41 | Sir Poopsalot · first_building Archery Range |
| 14:45 | Young Carter · wall_segment Palisade Wall x1 |
| 15:50 | Young Carter · age_up castle |
| 16:18 | Sir Poopsalot · age_up castle |
| 16:35 | Young Carter · first_building Castle |
| 16:45 | Young Carter · wall_segment Palisade Wall x1 |
| 16:46 | Young Carter · wall_segment Palisade Wall x1 |
| 16:47 | Young Carter · wall_segment Palisade Wall x1 |
| 16:48 | Young Carter · wall_segment Palisade Wall x1 |
| 16:56 | Young Carter · wall_segment Palisade Wall x1 |
| 19:51 | Young Carter · first_building Siege Workshop |
| 20:58 | Sir Poopsalot · first_building Siege Workshop |
| 22:47 | Young Carter · resign |
[ AI ANALYSIS · 1 CREDIT ]
What really happened in this match?
Wolo.gg analyzes every decision: build order, eco, micro, common mistakes by bracket. Personalized analysis on WhatsApp or Discord in 30 seconds.
Civ guide
Spanish
Perfil
Young Carter